 Dungeon Crawl Stone Soup version 0.28-a0-697-g47f3eba (webtiles) character file.

Game seed: 17978288478084570483

894 NeededCrab the Ruffian (level 7, -2/62 HPs)
             Began as a Troll Hunter on Oct 23, 2021.
             Was an Initiate of Okawaru.
             Killed from afar by Blork the orc (10 damage)
             ... with a puff of frost
             ... on level 5 of the Dungeon.
             The game lasted 00:10:28 (3408 turns).

NeededCrab the Ruffian (Troll Hunter)               Turns: 3408, Time: 00:10:29

Health: -2/62      AC:  0    Str: 21    XL:     7   Next: 78%
Magic:  7/7        EV: 18    Int:  9    God:    Okawaru [......]
Gold:   218        SH:  0    Dex: 15    Spells: 6/6 levels left

rFire   . . .      SeeInvis .     - Unarmed
rCold   . . .      Faith    .   (shield currently unavailable)
rNeg    . . .      Spirit   .   (armour currently unavailable)
rPois   .          Reflect  .   (helmet currently unavailable)
rElec   .          Harm     .   (cloak currently unavailable)
rCorr   .          Rampage  .   (gloves unavailable)
Will    .....                   (boots unavailable)
Stlth   +.........              (no amulet)
HPRegen 1.20/turn               (ring currently unavailable)
MPRegen 0.10/turn               (ring currently unavailable)

@: bat-form, flying, very quick
A: fast, flying, no casting, tiny, unfitting armour, (claws 3), regeneration 1,
(shaggy fur 1), (tough skin 1)
a: Renounce Religion


You were on level 5 of the Dungeon.
You worshipped Okawaru.
Okawaru was noncommittal.
You were a bat.
You visited 2 branches of the dungeon, and saw 6 of its levels.

You collected 218 gold pieces.

Inventory:

Missiles
 c - 5 large rocks (quivered)
 d - 2 throwing nets
Armour
 r - a +1 robe (melded)
 t - a +0 cloak (melded)
Jewellery
 k - a ring of poison resistance (melded)
 p - a +4 ring of evasion (melded)
 s - a ring of protection from fire
Wands
 v - a wand of iceblast (9)
Scrolls
 a - a scroll of magic mapping {unknown}
 b - 2 scrolls of identify {unknown}
 f - 5 scrolls of teleportation {unknown}
 j - 2 scrolls of enchant weapon {unknown}
 l - 2 scrolls of noise {unknown}
 m - a scroll of enchant armour {unknown}
 o - a scroll of vulnerability {unknown}
 q - a scroll of immolation {unknown}
Potions
 e - a potion of lignification {unknown}
 g - a potion of curing {unknown}
 h - a potion of haste {unknown}
 i - a potion of flight {unknown}
 n - a potion of might
 u - a potion of mutation {unknown}


   Skills:
 - Level 1.5 Fighting
 + Level 5.8 Throwing
 - Level 1.5 Dodging
 - Level 0.3 Stealth
 * Level 7.0 Unarmed Combat
 + Level 1.4 Invocations


You had 6 spell levels left.
You didn't know any spells.
Your spell library contained the following spells:

 Spells                   Type           Power      Damage    Failure   Level
 Summon Small Mammal      Summ           Unusable   N/A       N/A         1
 Call Canine Familiar     Summ           Unusable   N/A       N/A         3
 Summon Guardian Golem    Hex/Summ       Unusable   N/A       N/A         3

Dungeon Overview and Level Annotations

Branches:
Dungeon (5/15)             Temple (1/1) D:4

Altars:
Ashenzari
Cheibriados
Dithmenos
Elyvilon
Fedhas
Gozag
Hepliaklqana
Kikubaaqudgha
Makhleb
Nemelex Xobeh
Okawaru
Qazlal
Ru
Trog
Uskayaw
Vehumet
Wu Jian
Xom
Yredelemnul
Zin
The Shining One

Annotations:
D:5 1 runed translucent door, Blork the orc; Dega's ghost, amateur DsFi


Innate Abilities, Weirdness & Mutations

You are a bat.
You are tiny and dextrous.
You move quickly.
You are flying.
Your equipment is almost entirely melded.
You are incapable of wielding weapons or throwing items.
You cannot cast spells.
You are too large for most types of armour.
((You have claws for hands.))
Your natural rate of healing is unusually fast.
((You are covered in fur. (AC +1)))
((You have tough skin. (AC +1)))


Message History

You hit Blork the orc.
Blork the orc is severely wounded.
Blork the orc casts a spell at you. The magic dart hits you!
You hit Blork the orc.
Blork the orc is almost dead.
Blork the orc points at you and mumbles some strange words.
The puff of frost hits you!
You barely miss Blork the orc.
Blork the orc is almost dead.
Blork the orc suddenly jeers.
Blork the orc gestures at you while chanting.
The puff of flame misses you.
You barely miss Blork the orc.
Blork the orc is almost dead.
Blork the orc points at you and mumbles some strange words.
The puff of flame misses you.
You completely miss Blork the orc.
Blork the orc is almost dead.
Blork the orc misses you.
You hit Blork the orc but do no damage.
Blork the orc is almost dead.
Blork the orc hits you with a +0 battleaxe.
You hit Blork the orc but do no damage.
Blork the orc is almost dead.
You barely miss Blork the orc.
Blork the orc is almost dead.
Blork the orc zaps a wand.
You resist with some effort.
You hit Blork the orc but do no damage.
Blork the orc is almost dead.
Blork the orc screams, "I'll break your arms!"
Blork the orc hits you with a +0 battleaxe!
* * * LOW HITPOINT WARNING * * *
Blork the orc points at you and mumbles some strange words.
The magic dart hits you.
* * * LOW HITPOINT WARNING * * *
Dega's ghost wails.
Blork the orc casts a spell at you. The puff of frost hits you!
You die...

#.# #.# #.##
#.o# ##.#
#.######
#...#.P#
≈#≈≈###...+W8#
≈≈≈≈...b..#.P#
###≈......####
≈≈≈≈###...#
.## #..## #.##
#.# #.# #.#


You could see Blork the orc and Dega's ghost.

Vanquished Creatures
  Sigmund (D:4)
  Edmund (D:4)
  A phantom (D:3)
  A scorpion (D:4)
  A water moccasin skeleton (D:4)
  3 wights (D:4)
  2 iguanas (D:4)
  3 orc wizards (D:4)
  A hound skeleton (D:4)
  Robin (D:2)
  A howler monkey skeleton (D:4)
  8 adders
  A worm (D:4)
  3 dart slugs
  9 orcs (D:4)
  3 endoplasms
  3 giant cockroaches
  13 goblins
  10 hobgoblins
  6 jackals
  6 kobolds
  2 quokkas (D:2)
  7 ball pythons
  6 bats
  4 frilled lizards
  6 rats
103 creatures vanquished.

Notes
Turn   | Place    | Note
-------+----------+-------------------------------------------
     0 | D:1      | NeededCrab the Troll Hunter began the quest for the Orb.
     0 | D:1      | Reached XP level 1. HP: 19/19 MP: 0/0
   165 | D:1      | Reached skill level 1 in Unarmed Combat
   208 | D:1      | Reached XP level 2. HP: 24/27 MP: 1/1
   386 | D:1      | Reached skill level 2 in Unarmed Combat
   613 | D:2      | Reached XP level 3. HP: 33/33 MP: 2/2
   822 | D:2      | Found a broken altar of Ashenzari.
   829 | D:2      | Noticed Robin
   843 | D:2      | Killed Robin
   975 | D:2      | Reached skill level 3 in Unarmed Combat
   975 | D:2      | Reached XP level 4. HP: 29/41 MP: 3/3
  1648 | D:3      | Noticed a phantom
  1670 | D:3      | Killed a phantom
  1671 | D:3      | Reached skill level 4 in Unarmed Combat
  1671 | D:3      | Reached XP level 5. HP: 45/48 MP: 4/4
  2318 | D:4      | Reached XP level 6. HP: 55/55 MP: 5/5
  2329 | D:4      | Noticed Sigmund
  2351 | D:4      | Killed Sigmund
  2352 | D:4      | Reached skill level 5 in Throwing
  2352 | D:4      | Reached skill level 5 in Unarmed Combat
  2609 | D:4      | Reached skill level 6 in Unarmed Combat
  2609 | D:4      | Reached XP level 7. HP: 60/62 MP: 6/6
  2690 | D:4      | Found a staircase to the Ecumenical Temple.
  2715 | Temple   | Entered the Ecumenical Temple
  2782 | Temple   | Became a worshipper of Warmaster Okawaru
  2922 | D:4      | Noticed Edmund
  2946 | D:4      | Killed Edmund
  2947 | D:4      | Reached skill level 1 in Invocations
  3154 | D:4      | Reached skill level 7 in Unarmed Combat
  3377 | D:5      | Entered Level 5 of the Dungeon
  3377 | D:5      | Noticed Dega's ghost (amateur DsFi)
  3377 | D:5      | Found a runed translucent door.
  3380 | D:5      | Noticed Blork the orc
  3408 | D:5      | Killed from afar by Blork the orc

Illustrated notes

Levels and vault maps discovered:
D:1:      dpeg_arrival_connections, layout_rooms, patterned_corridor
D:2:      layout_loops_ring, basic_altar, uniq_robin
D:3:      cheibrodos_helix_gallery, layout_loops_cross, serial_co_window_serial,
          co_window_corner_a, co_window_paths_a, co_window_paths_a,
          co_window_corner_a, co_window_of_opportunity_a, co_window_paths_a,
          co_window_paths_a, co_window_corner_a, co_window_paths_b,
          co_window_broadway_c, co_window_corner_b, co_window_unsneaky_path_a,
          co_window_corner_cb, co_window_broadway_b, co_window_paths_d,
          glass_columns_c, glass_columns_b, glass_columns_b, glass_columns_a,
          glass_columns_a, corexii_item_surrounded_by_moat
D:4:      layout_basic, minmay_temple_entry_large_hall, uniq_edmund,
          uniq_sigmund
D:5:      kennysheep_windowed_halls, layout_loops_corners,
          gammafunk_ghost_grave, minmay_crystal_water, uniq_blork_the_orc
Temple:   dpeg_three_leaves_temple

Skill      XL: |  1  2  3  4  5  6  7 |
---------------+----------------------+-----
Unarmed Combat | 1 2 3 4 6 7 |  7.0
Throwing       | 4 5 |  5.8
Invocations    | 1 |  1.4
Fighting       | |  1.5
Dodging        | |  1.5
Stealth        | |  0.3

Action                   |  1- 3 |  4- 6 |  7- 9 || total
-------------------------+-------+-------+-------++-------
Melee: Unarmed           |   114 |   116 |   104 ||   334
       Short sword       |     2 |       |       ||     2
       Punch             |       |     2 |     1 ||     3
 Stab: Sleeping          |       |     1 |       ||     1
Armor: Robe              |    39 |     7 |    12 ||    58
       Animal skin       |     5 |    16 |       ||    21
       Skin              |     1 |       |       ||     1
Dodge: Dodged            |    57 |    49 |    45 ||   151

Table legend: (Time is in decaauts)
 A = Elapsed time spent in this place.
 B = Non-inter-level travel time spent in this place.
 C = Inter-level travel time spent in this place.
 D = Time resting spent in this place.
 E = Time spent auto-exploring this place.
 F = Levels seen in this place.
 G = Mean time per level.
                   A        B        C        D        E       F      G
               +--------+--------+--------+--------+--------+-----+--------+
         Total |   3379 |   3288 |     91 |      5 |   2439 |   6 |  563.2 |
       Dungeon |   3298 |   3219 |     79 |      5 |   2384 |   5 |  659.6 |
        Temple |     80 |     68 |     12 |      0 |     55 |   1 |   80.0 |
               +--------+--------+--------+--------+--------+-----+--------+

Top non-repeatable levels by time:
     D:4: 1064 daAuts
     D:3: 881 daAuts
     D:2: 726 daAuts
     D:1: 600 daAuts
  Temple: 80 daAuts
     D:5: 26 daAuts
